 Dungeon Crawl Stone Soup version 0.26-a0-597-gb535b0901c (webtiles) character file.

Game seed: 6073176756372133470

4508 Apogee the Cleaver (level 10, 0/136 HPs)
             Began as a Minotaur Berserker on Sept 8, 2020.
             Was a High Priest of Trog.
             Slain by a troll (9 damage)
             ... on level 9 of the Dungeon.
             The game lasted 00:09:16 (7945 turns).

Apogee the Cleaver (Minotaur Berserker)             Turns: 7945, Time: 00:09:17

Health: 0/136      AC: 17    Str: 25    XL:     10   Next: 16%
Magic:  9/9        EV:  8    Int:  4    God:    Trog [*****.]
Gold:   454        SH:  0    Dex: 10    Spells: 9/9 levels left

rFire    + . .     SeeInvis .   s - +0 war axe
rCold    . . .     Faith    .   (no shield)
rNeg     . . .     Spirit   .   C - +0 plate armour
rPois    .         Reflect  .   (helmet restricted)
rElec    .         Harm     .   (no cloak)
rCorr    +                      z - +0 pair of gloves
MR       .....                  q - +0 pair of boots
Stlth    ..........             (no amulet)
HPRegen  0.32/turn              p - ring of resist corrosion
MPRegen  0.11/turn              i - ring of protection from fire

@: berserking, very quick
A: retaliatory headbutt, horns 2
a: Berserk, Trog's Hand, Brothers in Arms, Renounce Religion


You were on level 9 of the Dungeon.
You worshipped Trog.
Trog was extremely pleased with you.
You visited 1 branch of the dungeon, and saw 9 of its levels.
You also visited: Ossuary.

You collected 454 gold pieces.

Inventory:

Hand Weapons
 e - a +0 morningstar
   (You took it off a gargoyle on level 6 of the Dungeon)
 m - a +0 mace
   (You found it on level 1 of the Dungeon)
 s - a +0 war axe (weapon)
   (You found it on level 4 of the Dungeon)
Armour
 g - +0 swamp dragon scales
   (You took it off Maggie on level 7 of the Dungeon)
 q - a +0 pair of boots (worn)
   (You found it on level 1 of the Dungeon)
 z - a +0 pair of gloves (worn)
   (You found it on level 4 of the Dungeon)
 C - a +0 plate armour (worn)
   (You found it on level 7 of the Dungeon)
Jewellery
 a - an uncursed ring of stealth
   (You found it on level 3 of the Dungeon)
 c - an uncursed amulet of the acrobat {unknown}
   (You found it on level 3 of the Dungeon)
 i - a ring of protection from fire (right hand)
   (You found it on level 3 of the Dungeon)
 p - a ring of resist corrosion (left hand)
   (You found it on level 7 of the Dungeon)
 A - an uncursed ring of flight
   (You found it on level 5 of the Dungeon)
 H - a cursed ring of attention {unknown}
   (You found it on level 8 of the Dungeon)
Wands
 d - a wand of iceblast (7)
   (You found it on level 2 of the Dungeon)
 t - a wand of flame (24)
   (You took it off a goblin on level 3 of the Dungeon)
 u - a wand of paralysis (7)
   (You took it off Ijyb on level 5 of the Dungeon)
Scrolls
 f - 6 scrolls of remove curse {@r2}
 h - 3 scrolls of amnesia {unknown}
 j - 2 scrolls of blinking {unknown}
 k - 2 scrolls of magic mapping {unknown}
 y - 2 scrolls of teleportation {unknown}
 B - a scroll of fear {unknown}
 D - 2 scrolls of identify {@r1}
 F - 2 scrolls of enchant armour {unknown}
 I - a scroll of fog {unknown}
 J - a scroll of enchant weapon {unknown}
Potions
 b - 2 potions of haste {unknown}
 l - 3 potions of brilliance {unknown}
 n - 4 potions of curing {@q1}
 o - 5 potions of stabbing
 r - 3 potions of might
 v - a potion of ambrosia {unknown}
 w - a potion of flight {unknown}
 x - a potion of invisibility {unknown}
 E - 2 potions of degeneration {unknown}
 G - a potion of heal wounds {unknown}


   Skills:
 + Level 9.6 Fighting
 * Level 12.7 Axes
 + Level 9.2 Armour
 - Level 2.1 Dodging


You had 9 spell levels left.
You didn't know any spells.
Your spell library was empty.

Dungeon Overview and Level Annotations

Branches:
Dungeon (9/15)            Ossuary (visited)
 Temple: D:4-7         Lair: D:8-11         Orc: D:9-12

Altars:
Ashenzari
Elyvilon
Sif Muna
Trog
Xom
Yredelemnul
The Shining One

Annotations:
D:5 1 runed translucent door, Cokeysmoke's ghost, novice TeAE


Innate Abilities, Weirdness & Mutations

You reflexively headbutt those who attack you in melee.
You have a pair of horns on your head.


Message History

You slash the orc priest!
You kill the orc priest!
Trog accepts your kill.
You closely miss the porcupine. You slash the black bear!
You hit the orc warrior but do no damage.
You slash the crocodile!
Your plate armour prevents you from hitting the bullfrog.
The porcupine bites you but does no damage.
The orc priest calls down the wrath of Beogh upon you.
Beogh smites you!
* * * LOW HITPOINT WARNING * * *
The orc warrior hits you with a +0 trident of freezing.
* * * LOW HITPOINT WARNING * * *
The orc warrior freezes you.
* * * LOW HITPOINT WARNING * * *
You hit the orc warrior. You closely miss the crocodile. You hit the bullfrog.
You closely miss the porcupine. You slash the black bear!
The bullfrog hits you but does no damage.
The black bear bites you but does no damage.
The black bear claws you but does no damage. x2
The crocodile bites you!
* * * LOW HITPOINT WARNING * * *
A porcupine comes into view.
The porcupine bites you but does no damage.
You hit the orc warrior. You hit the black bear. You barely miss the porcupine.
You slash the bullfrog! You closely miss the crocodile.
The bullfrog hits you but does no damage.
The bullfrog hits the plant.
The plant begins to die.
A porcupine comes into view.
The orc warrior hits you with a +0 trident of freezing.
* * * LOW HITPOINT WARNING * * *
The orc warrior freezes you.
* * * LOW HITPOINT WARNING * * *
The black bear goes berserk!
You slash the porcupine!
You kill the porcupine!
Trog accepts your kill.
You hit the troll. You closely miss the bullfrog. You slash the crocodile!
You barely miss the orc warrior. You slash the black bear!
You kill the black bear!
Trog accepts your kill.
A nearby plant withers and dies.
The crocodile bites you.
* * * LOW HITPOINT WARNING * * *
The bullfrog barely misses you. You furiously retaliate!
You headbutt the bullfrog!
You feel the power of Trog in you as your rage grows.
You kill the bullfrog!
Trog accepts your kill. The troll bites you but does no damage.
The troll claws you!
You die...

#..PPr...P.PP
#..PP.rP.?.P..
##..P.P..PP..PPP
...?..PP...PPPP.
.....PP.PP.P..P.
#..oP..PP...... .#
#PFSTPP....PP###.###
#.#.o@†).............
#....)t...P....##..#
##................# ##
#................####.
#........?............
#................#####
#........†.......#
#................#
#.>..............#


You could see a troll, an orc warrior, a crocodile, a bullfrog, 2 porcupines, an
orc priest and an adder.

Vanquished Creatures
  A gargoyle (D:6)
  Maggie (D:7)
  Grinder (D:6)
  A hippogriff (D:8)
  3 yaks (D:8)
  Eustachio (D:6)
  2 porcupines (D:9)
  An orc warrior (D:8)
  2 ice beasts
  3 black bears
  2 centaurs
  A crocodile (D:8)
  3 elf zombies (Ossuary)
  A bullfrog (D:9)
  A gnoll sergeant (D:8)
  2 scorpions
  A water moccasin skeleton (D:5)
  2 howler monkeys
  6 centaur zombies (Ossuary)
  A bullfrog zombie (D:8)
  A jelly (D:6)
  5 hounds
  3 orc wizards
  2 bullfrog skeletons
  3 human zombies (Ossuary)
  4 orc priests
  3 worker ants
  Ijyb (D:5)
  6 iguanas
  A hound zombie (D:8)
  3 mummies (Ossuary)
  A worker ant zombie (D:6)
  Robin (D:2)
  11 gnolls
  9 adders
  A shadow imp (D:5)
  2 white imps
  3 ufetubi
  An ooze (D:5)
  An adder zombie (D:8)
  3 adder skeletons (D:5)
  4 worms
  A dart slug (D:1)
  9 leopard geckos
  19 orcs
  3 ball pythons
  2 giant cockroaches (D:3)
  13 goblins
  10 hobgoblins
  13 jackals
  3 kobolds
  4 quokkas
  4 bats
  6 frilled lizards
  A leopard gecko skeleton (D:4)
  6 rats
  A spectral orc (D:3)
  A butterfly (D:2)
201 creatures vanquished.

Vanquished Creatures (others)
  9 fungi (D:9)
  18 plants (D:9)
27 creatures vanquished.

Grand Total: 228 creatures vanquished

Notes
Turn   | Place    | Note
-------+----------+-------------------------------------------
     0 | D:1      | Apogee the Minotaur Berserker began the quest for the Orb.
     0 | D:1      | Reached XP level 1. HP: 19/19 MP: 0/0
   218 | D:1      | Reached skill level 4 in Axes
   218 | D:1      | Reached XP level 2. HP: 25/27 MP: 1/1
   924 | D:1      | Reached XP level 3. HP: 33/33 MP: 2/2
  1532 | D:2      | Found a shimmering altar of Xom.
  1541 | D:2      | Noticed a phantom
  1879 | D:2      | Noticed Robin
  1888 | D:2      | Killed Robin
  1890 | D:2      | Reached ** piety under Trog
  1890 | D:2      | Reached XP level 4. HP: 41/41 MP: 3/3
  2023 | D:2      | Reached skill level 5 in Axes
  2359 | D:3      | Reached XP level 5. HP: 12/47 MP: 4/4
  2663 | D:4      | Reached skill level 5 in Fighting
  2663 | D:4      | Reached skill level 6 in Axes
  2707 | D:4      | Reached XP level 6. HP: 43/56 MP: 5/5
  3319 | D:4      | Found a glowing golden altar of the Shining One.
  3434 | D:5      | Entered Level 5 of the Dungeon
  3523 | D:5      | Reached *** piety under Trog
  3542 | D:5      | Paralysed by Ijyb for 3 turns
  3543 | D:5      | Noticed Ijyb
  3547 | D:5      | Noticed an ice beast
  3553 | D:5      | Paralysed by Ijyb for 4 turns
  3558 | D:5      | Killed Ijyb
  3559 | D:5      | Reached skill level 7 in Axes
  3565 | D:5      | Killed an ice beast
  3565 | D:5      | Reached skill level 5 in Armour
  3565 | D:5      | Reached XP level 7. HP: 62/62 MP: 6/6
  3735 | D:5      | Found a white marble altar of Elyvilon.
  3949 | D:5      | Found a runed translucent door.
  3968 | D:5      | Noticed Cokeysmoke's ghost (novice TeAE)
  4128 | D:5      | Found a shimmering blue altar of Sif Muna.
  4373 | D:3      | Reached skill level 8 in Axes
  4615 | D:3      | Found a basalt altar of Yredelemnul.
  4928 | D:6      | Reached **** piety under Trog
  4928 | D:6      | Reached XP level 8. HP: 65/71 MP: 7/7
  5034 | D:6      | Noticed Eustachio
  5041 | D:6      | Killed Eustachio
  5041 | D:6      | Reached skill level 9 in Axes
  5345 | D:6      | Noticed a gargoyle
  5353 | D:6      | Killed a gargoyle
  5353 | D:6      | Reached skill level 10 in Axes
  5784 | D:6      | Noticed Grinder
  5788 | D:6      | Killed Grinder
  5788 | D:6      | Reached XP level 9. HP: 81/81 MP: 8/8
  6041 | D:7      | Noticed Maggie
  6054 | D:7      | Killed Maggie
  6267 | D:8      | Found a sand-covered staircase.
  6272 | Ossuary  | Entered an ossuary
  6288 | Ossuary  | Reached skill level 11 in Axes
  6604 | D:8      | Found a shattered altar of Ashenzari.
  6912 | D:8      | Reached skill level 12 in Axes
  6994 | D:8      | Reached ***** piety under Trog
  7428 | D:8      | Reached XP level 10. HP: 91/91 MP: 9/9
  7497 | D:8      | Found a bloodstained altar of Trog.
  7945 | D:9      | Slain by a troll

Illustrated notes

Levels and vault maps discovered:
D:1:      wheals_arrival_shading, layout_basic
D:2:      layout_basic, xom_butterflies, uniq_robin
D:3:      layout_basic, yredelemnul_forgotten_temple_becter, glass_columns_c,
          hangedman_decor_peaks_small
D:4:      layout_basic, tso_oasis_becter, minmay_checkerbox
D:5:      layout_loops_ring, lemuel_doored_altar,
          nicolae_overflow_crystal_walls, ebering_ghost_sewer_d, uniq_ijyb
D:6:      layout_basic, uniq_grinder, uniq_eustachio
D:7:      kb_forest_paths, layout_loops_cross, gammafunk_temple_overflow_pools,
          minmay_temple_entry_crystal_x, uniq_maggie
D:8:      layout_cave_pods, ashenzari_altar_1, lemuel_round_altar,
          enter_ossuary_5
D:9:      layout_rooms, due_lair_maze_entry_diamond

Skill      XL: |  1  2  3  4  5  6  7  8  9 |
---------------+----------------------------+-----
Axes           | 4 5 6 7 8 10 12 | 12.7
Fighting       | 4 5 6 7 9 |  9.6
Armour         | 3 4 5 6 7 9 |  9.2
Dodging        | |  2.1

Action                   |  1- 3 |  4- 6 |  7- 9 | 10-12 || total
-------------------------+-------+-------+-------+-------++-------
Melee: Hand axe          |    70 |    44 |       |       ||   114
       Headbutt          |     6 |    14 |    59 |     6 ||    85
       War axe           |       |    50 |   265 |    42 ||   357
Invok: Berserk           |     2 |     3 |     5 |     1 ||    11
  Use: Scroll            |       |       |     5 |       ||     5
Armor: Animal skin       |     1 |       |       |       ||     1
       Ring mail         |    15 |    33 |     6 |       ||    54
       Scale mail        |       |       |    57 |       ||    57
       Plate armour      |       |       |   100 |    33 ||   133
       Swamp dragon scal |       |       |     1 |       ||     1
Dodge: Dodged            |    32 |    73 |   144 |    20 ||   269

Table legend: (Time is in decaauts)
 A = Elapsed time spent in this place.
 B = Non-inter-level travel time spent in this place.
 C = Inter-level travel time spent in this place.
 D = Time resting spent in this place.
 E = Time spent auto-exploring this place.
 F = Levels seen in this place.
 G = Mean time per level.
                   A        B        C        D        E       F      G
               +--------+--------+--------+--------+--------+-----+--------+
         Total |   8041 |   7721 |    320 |    871 |   5701 |  10 |  804.1 |
       Dungeon |   7816 |   7496 |    320 |    871 |   5550 |   9 |  868.4 |
       Ossuary |    225 |    225 |      0 |      0 |    151 |   1 |  225.0 |
               +--------+--------+--------+--------+--------+-----+--------+

Top non-repeatable levels by time:
     D:8: 1437 daAuts
     D:6: 1334 daAuts
     D:1: 1295 daAuts
     D:4: 1072 daAuts
     D:2: 1040 daAuts
     D:5: 923 daAuts
     D:3: 501 daAuts
 Ossuary: 225 daAuts
     D:7: 178 daAuts
     D:9: 33 daAuts
